[Event "Late-Titled-Tuesday-Blitz-April-16-2024"]
[Site "Chess.com"]
[Date "2024.04.16"]
[Round "5"]
[White "BenchGM"]
[Black "dosto07"]
[Result "0-1"]
[WhiteElo "2307"]
[BlackElo "2510"]
[TimeControl "180+1"]
[EndTime "14:52:31 PDT"]
[Termination "dosto07 won on time"]

1. e4 e5 2. Nf3 Nc6 3. Bb5 a6 4.
Ba4 Nf6 5. O-O Be7 6. Re1 b5 7.
Bb3 d6 8. c3 O-O 9. h3 Bb7 10.
d4 Re8 11. Nbd2 Bf8 12. d5 Nb8 13. Nf1 Nbd7 14. Ng3 Nc5 15. Bc2 c6 16. Bg5 cxd5 17. exd5 h6 18. Bh4 g6 19. b4 Ncd7 20. Ne4 Be7 21. Qd2 Nxe4 22. Rxe4 g5 23. Rg4 Nf6 24.
Qd3 e4 25. Rxe4 Bxd5 26. Rd4 Bxf3 27. gxf3 gxh4 28. Rg4+ Kf8 29. Kh1 d5 30. Rag1 Bd6 31. Rg7 Ke7 32. Re1+ Kd7 33. Rxf7+ Re7 34. Rfxe7+ Bxe7 35. Qf5+ Kc7 0-1

[Event "Late-Titled-Tuesday-Blitz-April-16-2024"]
[Site "Chess.com"]
[Date "2024.04.16"]
[Round "5"]
[White "Mops_2004"]
[Black "rynos0411"]
[Result "1-0"]
[WhiteElo "2815"]
[BlackElo "2611"]
[TimeControl "180+1"]
[EndTime "14:52:33 PDT"]
[Termination "Mops_2004 won by checkmate"]

1. g3 d5 2. Nf3 Bf5 3. Bg2 e6 4. O-O h6 5. c4 c6 6. Qb3 Qc8 7. d3 Nf6 8. cxd5 exd5 9. Nc3 Nbd7 10.
e4 dxe4 11. dxe4 Be6 12. Qc2 Be7 13. Nd4 Nc5 14. b4 Na6 15. a3 Bh3 16. e5 Bxg2 17. Kxg2 Nd5 18. Nxd5 cxd5 19. Qa4+ Qd7 20. Qxd7+ Kxd7 21. Rd1 g6 22. Nb5 Ke6 23. Be3 Rhd8 24. Bxa7 Rdc8 25.
Bb6 Rc6 26. Nd4+ Kd7 27. Nxc6 Kxc6 28. Be3 Nc7 29. f4 b6 30. g4 Kb7 31. f5 gxf5 32. gxf5 Rg8+ 33. Kf3 Bg5 34. Rg1 Re8 35. Bxg5 hxg5 36. Rae1 Rh8 37. Re2 Ra8 38. Re3 Rh8 39.
Rxg5 Rxh2 40. Rg7 d4 41. Rd3 Rh3+ 42. Rg3 Rh4 43. Rg4 Rh3+ 44. Ke4 Rh1 45. Kxd4 Kc6 46.
Rc3+ Kd7 47. e6+ fxe6 48. Rg7+ Kd6 49. Rgxc7 exf5 50. R3c6# 1-0

[Event "Late-Titled-Tuesday-Blitz-April-16-2024"]
[Site "Chess.com"]
[Date "2024.04.16"]
[Round "5"]
[White "protectiago"]
[Black "Giantgoogachess"]
[Result "0-1"]
[WhiteElo "2031"]
[BlackElo "2300"]
[TimeControl "180+1"]
[EndTime "14:52:33 PDT"]
[Termination "Giantgoogachess won by resignation"]

1. d4 Nf6 2. c4 g6 3. Nc3 Bg7 4. e4 d6 5. Nf3 O-O 6. Be2 e5 7. O-O Bg4 8. d5 a5 9. Ne1 Bd7 10. Nd3 Na6 11. Be3 b6 12. a3 a4 13.
b4 axb3 14. Qxb3 h6 15. c5 Nxc5 16. Nxc5 bxc5 17. Bb5 Bxb5 18. Qxb5 Qd7 19. Rfb1 Ra7 20. f3 Rfa8 21. a4 Qxb5 22. Nxb5 Rxa4 23. Rxa4 Rxa4 24.
Nxc7 Ra3 25. Rb8+ Kh7 26. Kf2 Ra2+ 27. Kg3 Nh5+ 28. Kh3 f5 29. Rd8 f4 30. Bxc5 dxc5 31. d6 Nf6 32. Nd5 Nxd5 33. exd5 Rd2 34. d7 Rxd5 35.
g3 c4 36. Kg4 c3 37. gxf4 exf4 38. Kxf4 c2 39. Rc8 Rxd7 40. Rxc2 h5 41. Rc6 Bh6+ 42.
Ke4 Kg7 43. h3 Rf7 44. Rc3 Rf4+ 45. Ke5 Rf5+ 46. Ke4 Kh7 47. Rc7+ Bg7 48. Rb7 Ra5 49. Rb3 g5 50. Rd3 Kg6 51. Rd6+ Bf6 52. Rb6 Ra4+ 53. Ke3 Kf5 54. Rb5+ Be5 55. Rb3 Rh4 56. Kf2 Rxh3 57. Kg2 Rh2+ 58. Kg1 Ra2 59. Kf1 Kf4 60. Kg1 Kg3 61.
Kf1 Rf2+ 0-1

[Event "Late-Titled-Tuesday-Blitz-April-16-2024"]
[Site "Chess.com"]
[Date "2024.04.16"]
[Round "5"]
[White "Fjal"]
[Black "campochess"]
[Result "1-0"]
[WhiteElo "2311"]
[BlackElo "2199"]
[TimeControl "180+1"]
[EndTime "14:52:34 PDT"]
[Termination "Fjal won by checkmate"]

1. Nf3 c5 2. g3 Nc6 3. Bg2 g6 4.
O-O Bg7 5. e4 d6 6. d3 Nf6 7.
Nc3 Nd7 8. a4 a6 9. Nd2 O-O 10. Nc4 Nde5 11. f4 Nxc4 12. dxc4 Nd4 13. Nd5 e6 14. Ne3 Qe7 15. c3 Nc6 16. f5 Ne5 17. g4 f6 18. fxg6 hxg6 19. h4 Bd7 20. h5 Be8 21. Qe2 gxh5 22. gxh5 Qf7 23. h6 Bxh6 24.
Ng4 Nxg4 25. Qxg4+ Bg7 26. Bf4 e5 27. Be3 Bd7 28.
Qg3 Qxc4 29. Rad1 Qe6 30. Bh6 Rf7 31. Rf5 Kf8 32. Be3 Qb3 33. Bf3 Bxf5 34. exf5 Ke7 35. Bh5 Raf8 36. Qg4 b5 37. axb5 axb5 38. Qe4 Rb8 39. Qc6 Rd8 40. Bxc5 dxc5 41. Qc7+ Ke8 42. Rxd8# 1-0

[Event "Late-Titled-Tuesday-Blitz-April-16-2024"]
[Site "Chess.com"]
[Date "2024.04.16"]
[Round "5"]
[White "mbojan"]
[Black "HansOnTwitch"]
[Result "0-1"]
[WhiteElo "2972"]
[BlackElo "3173"]
[TimeControl "180+1"]
[EndTime "14:52:36 PDT"]
[Termination "HansOnTwitch won on time"]

1. g3 d5 2. Bg2 e5 3. c4 d4 4. d3 Nf6 5. Nf3 Nc6 6. O-O a5 7. e3 Be7 8. exd4 exd4 9. Bg5 O-O 10. Nbd2 h6 11. Bxf6 Bxf6 12. Re1 Bf5 13. Ne4 Be7 14. a3 a4 15. Qc2 Re8 16. Re2 Bf8 17. Rae1 Qd7 18. Nh4 Bh7 19. Qd1 Na5 20. f4 Kh8 21. Nf2 Re3 22. Be4 f5 23. Bh1 Bc5 24. Ng2 Rae8 25.
Qc2 Nb3 26. Nd1 Bg6 27. Ngxe3 dxe3 28. Rxe3 Bh5 29. Kf1 Bxe3 30. Nxe3 Qd4 31. Qc3 Rxe3 32. Qxd4 Rxe1+ 33. Kxe1 Nxd4 34. Bxb7 c5 35. Bc8 Be8 36. Bb7 g5 37. fxg5 hxg5 38. Kd2 Kg7 39. Ke3 Kf6 40. h4 gxh4 41. gxh4 Ke5 42. Bc8 Bh5 43. Bd7 f4+ 44. Kd2 Nf3+ 45. Kc3 Nxh4 46. Bxa4 f3 0-1

[Event "Late-Titled-Tuesday-Blitz-April-16-2024"]
[Site "Chess.com"]
[Date "2024.04.16"]
[Round "5"]
[White "Romkachess"]
[Black "Eloist"]
[Result "1-0"]
[WhiteElo "2680"]
[BlackElo "2471"]
[TimeControl "180+1"]
[EndTime "14:52:36 PDT"]
[Termination "Romkachess won by checkmate"]

1. e4 e6 2. d4 d5 3. Nc3 Nf6 4.
Bg5 dxe4 5. Nxe4 Be7 6. Bxf6 gxf6 7. Qd2 f5 8. Nc3 Bf6 9. O-O-O c5 10. Bb5+ Nc6 11. d5 exd5 12. Nxd5 O-O 13. Nf3 Bg7 14.
Bxc6 bxc6 15. Nf4 Qb6 16. c3 Rb8 17. h4 Be6 18. h5 Bh6 19. g3 Bd5 20. Nh4 Bxh1 21.
Rxh1 Rfd8 22. Qc2 Rd5 23. Kb1 Bxf4 24. gxf4 Qd8 25. Nxf5 Rd2 26. Rg1+ Kh8 27. Nh6 Rb7 28. Qxd2 Rd7 29. Qxd7 Qxd7 30. Rg8# 1-0

[Event "Late-Titled-Tuesday-Blitz-April-16-2024"]
[Site "Chess.com"]
[Date "2024.04.16"]
[Round "5"]
[White "Flawless_Fighter"]
[Black "Slovineanu"]
[Result "1-0"]
[WhiteElo "2763"]
[BlackElo "2493"]
[TimeControl "180+1"]
[EndTime "14:52:39 PDT"]
[Termination "Flawless_Fighter won on time"]

1. e4 c6 2. d4 d5 3. exd5 cxd5 4. Bd3 Nc6 5. c3 Nf6 6. Bf4 Bg4 7. Qb3 Qd7 8. Nd2 e6 9. Ngf3 Bxf3 10. Nxf3 Bd6 11.
Bxd6 Qxd6 12. O-O O-O 13. Rfe1 Qc7 14. Re3 Na5 15. Qc2 Nc4 16. Re2 b5 17. Rae1 a5 18. a3 Rab8 19. Ne5 Rfc8 20. h4 b4 21. axb4 axb4 22.
Bxc4 dxc4 23. Re3 Qb6 24. Qd1 bxc3 25. bxc3 Qd8 26. Rg3 Rb3 27. Qf3 Qe7 28. h5 h6 29.
Qf4 Kh7 30. Rh3 Qc7 31. g4 Nd5 32. Qd2 Rcb8 33. g5 Rb2 34. Qd1 Nf4 35. g6+ fxg6 36.
hxg6+ Kg8 37. Rf3 Nd3 38. Nxd3 cxd3 39. Qxd3 Qe7 40. Qe3 Rb1 41. Rxb1 Rxb1+ 42. Kg2 Qg5+ 43. Qxg5 hxg5 44. Re3 Rb6 45. Kg3 e5 46. Rxe5 Rxg6 47. Kg4 Rf6 48. f3 Rf4+ 49. Kg3 Rf6 50. Rxg5 Kf7 51.
Rc5 Re6 52. d5 Re3 53. Rc6 Rd3 54. c4 Ke7 55. Kf4 Kf7 56. Ke4 Rc3 57. d6 Ke6 58. c5 1-0

[Event "Late-Titled-Tuesday-Blitz-April-16-2024"]
[Site "Chess.com"]
[Date "2024.04.16"]
[Round "5"]
[White "2Coaches1Profile"]
[Black "ameetghasi100"]
[Result "0-1"]
[WhiteElo "2575"]
[BlackElo "2790"]
[TimeControl "180+1"]
[EndTime "14:52:40 PDT"]
[Termination "ameetghasi100 won on time"]

1. e4 g6 2. d4 Bg7 3. Nc3 d6 4. Nf3 a6 5. a4 e6 6. Be2 h6 7. O-O Ne7 8. Be3 Nd7 9. Nb1 b6 10. c4 Bb7 11. Nc3 O-O 12. a5 bxa5 13. Rxa5 c5 14. Ra3 Qc7 15. Qd2 cxd4 16. Bxd4 Bxd4 17. Qxd4 Rfd8 18. Rd1 Ne5 19. Qe3 Kg7 20. Nd2 Qc5 21. Qxc5 dxc5 22. Ra5 Rac8 23. f4 Nd7 24. Nf3 Nc6 25.
Raa1 e5 26. fxe5 Ndxe5 27. Nxe5 Nxe5 28. Rxd8 Rxd8 29. Na4 Rd2 30. Nxc5 Bc8 31. Bf1 Rxb2 32. Nxa6 Bxa6 33. Rxa6 Rb1 34. c5 Rc1 35. Ra3 Rxc5 36.
h3 h5 37. Re3 Kf6 38. Kf2 Kg5 39. g3 h4 40. gxh4+ Kxh4 41. Be2 Rc2 42. Ra3 Kg5 0-1

[Event "Late-Titled-Tuesday-Blitz-April-16-2024"]
[Site "Chess.com"]
[Date "2024.04.16"]
[Round "5"]
[White "Cluke86"]
[Black "Chess_Star1234"]
[Result "1-0"]
[WhiteElo "2355"]
[BlackElo "2520"]
[TimeControl "180+1"]
[EndTime "14:52:44 PDT"]
[Termination "Cluke86 won by resignation"]

1. e4 e5 2. Nf3 Nc6 3. d4 exd4 4. Bc4 Bc5 5. c3 Nf6 6. e5 d5 7. exf6 dxc4 8. fxg7 Rg8 9. O-O Be6 10. Re1 Rxg7 11.
Nbd2 Qd5 12. Ne4 Be7 13. cxd4 O-O-O 14. Bf4 Nxd4 15. Qxd4 Qxd4 16. Nxd4 Rxd4 17. Be5 Rxe4 18. Bxg7 Rg4 19. Be5 Bd6 20. Bxd6 cxd6 21. f3 Rg8 22. Rad1 Kc7 23. Kf2 Kc6 24. Rd4 d5 25. Rh4 Rg7 26.
g4 b5 27. Ke3 Kc5 28. Rd1 a5 29. Rh5 b4 30. h3 Rg6 31. f4 Rg8 32. f5 Bd7 33. Rxh7 Re8+ 34. Kd2 d4 35. Rxf7 Bc6 36. f6 c3+ 37. bxc3 dxc3+ 38. Kc1 a4 39. Re7 Rb8 40.
Re5+ Kc4 41. Rf5 b3 42. Rf4+ Kb5 43. axb3 axb3 44. Rd3 c2 45. Rxb3+ Kc5 46. Rxb8 1-0

[Event "Late-Titled-Tuesday-Blitz-April-16-2024"]
[Site "Chess.com"]
[Date "2024.04.16"]
[Round "5"]
[White "RuperezA"]
[Black "kingofthenil"]
[Result "1-0"]
[WhiteElo "2614"]
[BlackElo "2792"]
[TimeControl "180+1"]
[EndTime "14:52:45 PDT"]
[Termination "RuperezA won on time"]

1. e4 Nc6 2. Nf3 d5 3. exd5 Qxd5 4. Nc3 Qh5 5. Be2 Bg4 6. O-O O-O-O 7. h3 Bxh3 8. gxh3 Qxh3 9. Ng5 Qh4 10. Bg4+ Kb8 11.
Nxf7 Nh6 12. Nxd8 Nxg4 13. Nxc6+ bxc6 14. Kg2 e6 15. Ne4 Qh2+ 16. Kf3 Qh5 17. Ke2 Bc5 18.
f3 Qh2+ 19. Kd3 Rd8+ 20. Kc3 Bb6 21. Kb3 Qe5 22. c4 Rd3+ 23. Kc2 Qd4 24. Qe2 Qxc4+ 25. Kb1 1-0

[Event "Late-Titled-Tuesday-Blitz-April-16-2024"]
[Site "Chess.com"]
[Date "2024.04.16"]
[Round "5"]
[White "DrVelja"]
[Black "IMRosen"]
[Result "1-0"]
[WhiteElo "3015"]
[BlackElo "2725"]
[TimeControl "180+1"]
[EndTime "14:52:47 PDT"]
[Termination "DrVelja won on time"]

1. c4 e6 2. Nf3 d5 3. e3 Nf6 4. b3 b6 5. Bb2 Bb7 6. cxd5 Nxd5 7.
Bb5+ c6 8. Be2 Nd7 9. Nc3 Be7 10. Nxd5 exd5 11. Bxg7 Rg8 12. Bb2 Rxg2 13. Qc2 Bf6 14. Nd4 Bxd4 15. Bxd4 Qh4 16. O-O-O Rxf2 17. Bd3 c5 18.
Bb2 O-O-O 19. Rhf1 Rg8 20. Bxh7 Rgg2 21. Bf5 Bc6 22.
h3 Kb7 23. Qd3 Nf6 24. Rxf2 Rxf2 25. Rf1 c4 26. Bxf6 Qxf6 27. Rxf2 Qh4 28. Qe2 cxb3 29. axb3 Qb4 30. Kb2 a5 31. Bc2 a4 32. Rxf7+ 1-0

[Event "Late-Titled-Tuesday-Blitz-April-16-2024"]
[Site "Chess.com"]
[Date "2024.04.16"]
[Round "5"]
[White "lamomiajunior"]
[Black "fviana"]
[Result "1-0"]
[WhiteElo "2727"]
[BlackElo "2493"]
[TimeControl "180+1"]
[EndTime "14:52:48 PDT"]
[Termination "lamomiajunior won by checkmate"]

1. d4 Nf6 2. c4 e6 3. Nc3 Bb4 4. e3 O-O 5. Bd2 d5 6. Nf3 c5 7. a3 cxd4 8. axb4 dxc3 9. bxc3 b6 10. cxd5 Nxd5 11. c4 Nf6 12. Bc3 Nbd7 13. Be2 Bb7 14.
O-O Qc7 15. Rc1 Rfd8 16. Bb2 a5 17. Qb3 axb4 18. Qxb4 Nc5 19. Bxf6 gxf6 20. Qb2 Kg7 21. Nd4 Be4 22. Rfd1 Rab8 23. Bf1 Qe5 24. f4 Qh5 25. Qf2 f5 26. Be2 Qg6 27. Ra1 Ra8 28. Bf1 Rxa1 29. Rxa1 Ra8 30. Qb2 Kh6 31. Rxa8 Bxa8 32.
Qxb6 Ne4 33. Qb2 Qf6 34. Qc2 Qe7 35. Bd3 Nc5 36. Be2 Qd6 37. Bf3 Be4 38. Bxe4 fxe4 39. Qf2 f6 40. Qh4+ Kg6 41. Qg4+ Kf7 42. Qh5+ Kg7 43.
g4 Nd3 44. c5 Qa6 45. Kg2 Qa2+ 46. Kh3 Qf2 47. Nxe6+ Kg8 48. Qe8# 1-0

[Event "Late-Titled-Tuesday-Blitz-April-16-2024"]
[Site "Chess.com"]
[Date "2024.04.16"]
[Round "5"]
[White "Viktoker"]
[Black "RebecaJimnz"]
[Result "1-0"]
[WhiteElo "2482"]
[BlackElo "2254"]
[TimeControl "180+1"]
[EndTime "14:52:49 PDT"]
[Termination "Viktoker won by resignation"]

1. d4 d5 2. c4 c6 3. cxd5 cxd5 4. Bf4 Nf6 5. Nc3 a6 6. e3 e6 7.
Bd3 Bd6 8. Bxd6 Qxd6 9. f4 O-O 10.
Nf3 Nc6 11. O-O b5 12. Ne5 Bb7 13. Rf3 Ne7 14. Rh3 Ne4 15. Qh5 h6 16. Bxe4 dxe4 17. g4 f6 18. Ng6 b4 19. Na4 Nxg6 20. Qxg6 Qc6 21. Nc5 Ra7 22. Rxh6 Qe8 23. Qh7+ Kf7 24. Qg6+ Kg8 25. Qh7+ Kf7 26. Rg6 Rg8 27. g5 Bd5 28.
gxf6 Kf8 29. Kf2 Qf7 30. Rag1 Ke8 31. Rxg7 Rxg7 32. fxg7 e5 33. g8=Q+ Qxg8 34. Rxg8+ Bxg8 35. Qxg8+ 1-0

[Event "Late-Titled-Tuesday-Blitz-April-16-2024"]
[Site "Chess.com"]
[Date "2024.04.16"]
[Round "5"]
[White "Polish_fighter3000"]
[Black "MeisterJabo"]
[Result "0-1"]
[WhiteElo "3104"]
[BlackElo "2530"]
[TimeControl "180+1"]
[EndTime "14:52:52 PDT"]
[Termination "MeisterJabo won on time"]

1. g3 c5 2. Bg2 g6 3. c4 Nc6 4.
Nf3 Bg7 5. O-O a6 6. Nc3 Rb8 7. d3 b5 8. Bf4 d6 9. Qd2 b4 10. Ne4 Bb7 11. a3 f5 12. Neg5 Qd7 13. axb4 Nxb4 14.
h4 h6 15. Nh3 Nf6 16. Nh2 Ng4 17. Bxb7 Qxb7 18. Ra3 e5 19. Be3 Nxe3 20. fxe3 O-O 21. Rf2 Nc6 22. Nf1 a5 23. b3 Ra8 24. Rh2 Qb4 25. Qa2 Ra6 26. Ra4 Qb6 27. Ra3 Rfa8 28. Nf2 Qb4 29. h5 g5 30. g4 a4 0-1

[Event "Late-Titled-Tuesday-Blitz-April-16-2024"]
[Site "Chess.com"]
[Date "2024.04.16"]
[Round "5"]
[White "AEMEffi"]
[Black "Fengwi"]
[Result "0-1"]
[WhiteElo "2277"]
[BlackElo "2457"]
[TimeControl "180+1"]
[EndTime "14:52:52 PDT"]
[Termination "Fengwi won on time"]

1. d4 g6 2. e4 Bg7 3. Nc3 d6 4. Be3 a6 5. h4 h5 6. Nge2 b5 7. a3 Nd7 8. Ng3 c5 9. Qd2 cxd4 10. Bxd4 Bxd4 11. Qxd4 Ngf6 12. Be2 Qb6 13. Qd2 Bb7 14. a4 b4 15. Nd5 Bxd5 16. exd5 a5 17. Bb5 Kf8 18. O-O Ne5 19. Rfe1 Qc5 20. c4 bxc3 21. Qxc3 Qxc3 22. bxc3 Nxd5 23. c4 Nb4 24. Re2 Kg7 25. f4 Nec6 26. Ne4 Nd4 27. Rd2 Nb3 28. Rad1 Nxd2 29. Rxd2 Rhd8 30. Ng5 Rac8 31. Re2 e6 32. Rd2 d5 33. cxd5 Rxd5 34. Re2 Rc2 0-1

[Event "Late-Titled-Tuesday-Blitz-April-16-2024"]
[Site "Chess.com"]
[Date "2024.04.16"]
[Round "5"]
[White "rdarruda"]
[Black "GianmarcoVaR"]
[Result "1-0"]
[WhiteElo "2554"]
[BlackElo "2730"]
[TimeControl "180+1"]
[EndTime "14:52:53 PDT"]
[Termination "rdarruda won by checkmate"]

1. Nf3 Nf6 2. d4 g6 3. Nc3 d6 4. e4 c6 5. Bg5 Bg7 6. Qd2 h6 7. Bh4 g5 8. Bg3 Nh5 9. O-O-O b5 10. a3 Nd7 11. e5 d5 12. e6 fxe6 13.
Bd3 O-O 14. Rde1 a5 15. h4 Nxg3 16. fxg3 g4 17. Ne5 Nxe5 18. dxe5 b4 19. Ne2 bxa3 20.
bxa3 Rb8 21. Nf4 Qb6 22. c3 Qa6 23. Bxa6 Bxa6 24. Nh5 Rb3 25. Nxg7 Rfb8 26. Qxh6 d4 27. cxd4 Rb1+ 28. Kd2 R1b2+ 29. Ke3 Rf8 30. Nxe6 Rb3+ 31. Kd2 Rf2+ 32. Kc1 Bd3 33. Qg7# 1-0

[Event "Late-Titled-Tuesday-Blitz-April-16-2024"]
[Site "Chess.com"]
[Date "2024.04.16"]
[Round "5"]
[White "DirtyKabab"]
[Black "Hirna2005"]
[Result "1-0"]
[WhiteElo "2538"]
[BlackElo "2343"]
[TimeControl "180+1"]
[EndTime "14:52:53 PDT"]
[Termination "DirtyKabab won by resignation"]

1. e4 g6 2. d4 Bg7 3. Nf3 d6 4. Bc4 Nf6 5. Qe2 O-O 6. e5 dxe5 7. dxe5 Nd5 8. O-O c6 9. Nbd2 Be6 10. Ne4 Nd7 11.
h3 Qc7 12. Neg5 Nxe5 13. Nxe5 Qxe5 14. Qxe5 Bxe5 15. Nxe6 fxe6 16. Re1 Bf6 17. Rxe6 Rad8 18. Bh6 Kf7 19. Rae1 Rfe8 20. c3 Rd6 21. Rxd6 exd6 22. Rxe8 Kxe8 23. Bxd5 cxd5 24. Be3 b6 25. Kf1 Kd7 26.
Ke2 Ke6 27. Kd3 Be5 28. f4 Bf6 29. g4 Bh4 30. a4 h5 31. a5 hxg4 32. hxg4 Bd8 33.
a6 Bc7 34. b4 Bd8 35. b5 Kd7 36. Kd4 Bf6+ 37. Kxd5 Bxc3 38. Bxb6 Bd2 39. f5 gxf5 40.
gxf5 Kc8 41. Bxa7 Bg5 42. Bd4 Be7 43. b6 Kb8 44. f6 Bf8 45. Kc6 d5 46. Be5+ Ka8 47.
b7+ Ka7 48. b8=Q+ 1-0

[Event "Late-Titled-Tuesday-Blitz-April-16-2024"]
[Site "Chess.com"]
[Date "2024.04.16"]
[Round "5"]
[White "Franmu14"]
[Black "jaskol95"]
[Result "0-1"]
[WhiteElo "2713"]
[BlackElo "2549"]
[TimeControl "180+1"]
[EndTime "14:52:54 PDT"]
[Termination "jaskol95 won by checkmate"]

1. e4 e6 2. d4 d5 3. exd5 exd5 4. Nc3 c5 5. Nf3 Nf6 6. Bg5 Be6 7. Qd3 Nc6 8. O-O-O c4 9. Qe3 Be7 10. h4 Ng4 11. Qe1 h6 12. Bf4 Bb4 13. Ne5 Bxc3 14. bxc3 Ngxe5 15. Bxe5 Nxe5 16. Qxe5 O-O 17. g4 Qa5 18. Kd2 Rfe8 19. Qf4 b5 20. Rb1 Rab8 21. Qd6 Rb6 22. Qc5 Bxg4 23. Rg1 h5 24. Qxd5 Rbe6 25. Bxc4 Re2+ 26. Bxe2 Rxe2+ 27. Kd3 Qa4 28. Qb3 Qa6 29. Qxb5 Qe6 30. Qb8+ Kh7 31. c4 Bf5+ 32. Kc3 Rxc2+ 33. Kb3 Qxc4+ 34. Ka3 Rxa2# 0-1

[Event "Late-Titled-Tuesday-Blitz-April-16-2024"]
[Site "Chess.com"]
[Date "2024.04.16"]
[Round "5"]
[White "Road2GM3000"]
[Black "Tolyanius"]
[Result "0-1"]
[WhiteElo "2446"]
[BlackElo "2624"]
[TimeControl "180+1"]
[EndTime "14:52:55 PDT"]
[Termination "Tolyanius won by resignation"]

1. d4 Nf6 2. c4 c5 3. d5 b5 4. Qc2 bxc4 5. e4 d6 6. Bxc4 g6 7. Nc3 Bg7 8. Nf3 O-O 9. O-O Nbd7 10. Bg5 h6 11. Bh4 g5 12. Bg3 Nh5 13. Ne1 Rb8 14. Nd3 Nb6 15. b3 Nxc4 16. bxc4 Qa5 17.
Rac1 f5 18. e5 f4 19. Qe2 g4 20. Bh4 Rb7 21. f3 gxf3 22. Qxf3 Rf5 23. exd6 Bxc3 24.
dxe7 Bd4+ 25. Kh1 Kf7 26. Rce1 Ng7 27. Nxf4 Bd7 28. d6 Rb2 29. Qd5+ Rxd5 30. Nxd5+ Kg6 31. Rf3 Nf5 32. Nf4+ Kh7 33. Bf2 Bxf2 0-1

[Event "Late-Titled-Tuesday-Blitz-April-16-2024"]
[Site "Chess.com"]
[Date "2024.04.16"]
[Round "5"]
[White "Indefatigable11"]
[Black "laziestwin"]
[Result "1-0"]
[WhiteElo "2390"]
[BlackElo "2544"]
[TimeControl "180+1"]
[EndTime "14:52:55 PDT"]
[Termination "Indefatigable11 won by resignation"]

1. d4 d6 2. c4 Nf6 3. Nc3 g6 4. Nf3 Bg7 5. e4 O-O 6. Be2 e5 7. O-O Nc6 8. d5 Ne7 9. b4 a5 10. bxa5 Nd7 11. Na4 Rxa5 12. Bd2 Ra8 13. Bb4 b6 14.
Nc3 h6 15. a4 f5 16. Ne1 Nf6 17. f3 f4 18. a5 bxa5 19. Bxa5 Bd7 20. Nd3 g5 21. c5 Rxa5 22. Rxa5 g4 23. fxg4 Ng6 24. c6 Bc8 25. Ra8 Nh7 26. Bf3 Ng5 27. Nb4 Nh4 28.
Nb5 Ngxf3+ 29. gxf3 Qg5 30. Nxc7 h5 31. h3 hxg4 32. hxg4 Bxg4 33. Rxf8+ Bxf8 34. fxg4 f3 35. Kf2 Bh6 36. Qd3 Qf4 37. Rh1 Bg5 38. Ne6 Qxg4 39. Rg1 Ng2 40. Nxg5 Qxg5 41. Qxf3 Qd2+ 42. Qe2 Qf4+ 43.
Kxg2 Kh8 44. Rh1+ Kg7 45. Qf2 Qg4+ 46. Qg3 Qxg3+ 47. Kxg3 1-0

[Event "Late-Titled-Tuesday-Blitz-April-16-2024"]
[Site "Chess.com"]
[Date "2024.04.16"]
[Round "5"]
[White "cristiano78"]
[Black "emeli_chess"]
[Result "0-1"]
[WhiteElo "2283"]
[BlackElo "2462"]
[TimeControl "180+1"]
[EndTime "14:52:55 PDT"]
[Termination "emeli_chess won on time"]

1. d4 Nf6 2. c4 e6 3. Nf3 d5 4. Nc3 Bb4 5. Bg5 h6 6. Bxf6 Qxf6 7. Rc1 O-O 8. Ne5 Nd7 9. Nxd7 Bxd7 10. cxd5 exd5 11.
e3 c6 12. Be2 Bd6 13. O-O Qh4 14. g3 Qe7 15. Bg4 f5 16. Bf3 Qg5 17. Qb3 f4 18. exf4 Bxf4 19. Rc2 Bh3 20. Bg2 Bxg2 21. Kxg2 Rf7 22. Re2 Raf8 23. Rfe1 h5 24. Kh1 Bb8 25. f4 Qg4 26. Nd1 h4 27. Nf2 Qg6 28. Kg2 Bxf4 29. Re8 hxg3 30. hxg3 Bd6 31. Rxf8+ Rxf8 32. Qe3 Qf5 0-1

[Event "Late-Titled-Tuesday-Blitz-April-16-2024"]
[Site "Chess.com"]
[Date "2024.04.16"]
[Round "5"]
[White "Oleg_Papayan"]
[Black "MathiasWomacka"]
[Result "1-0"]
[WhiteElo "2692"]
[BlackElo "2505"]
[TimeControl "180+1"]
[EndTime "14:52:57 PDT"]
[Termination "Oleg_Papayan won by resignation"]

1. e4 c5 2. d4 cxd4 3. Qxd4 Nc6 4. Qd3 Nf6 5. Nc3 g6 6. Nf3 Bg7 7. Be2 O-O 8. O-O d6 9. Nd5 Nxd5 10. exd5 Bf5 11.
Qd1 Nb4 12. c3 Nc2 13. g4 Nxa1 14. gxf5 Qa5 15. Bg5 Qxa2 16. Qxa1 Qxa1 17. Rxa1 gxf5 18. Kf1 e5 19. Be7 Rfe8 20. Bxd6 Red8 21. Bxe5 Bxe5 22. Nxe5 Rxd5 23. Nxf7 Kxf7 24. Bc4 Ke6 25. Ra5 Rd8 26.
Rxa7 Rd7 27. Ra5 Ke5 28. Bxd5 Rxd5 29. Rxd5+ Kxd5 30. b3 Ke4 31. Ke2 Kf4 32. f3 Kg5 33. c4 Kh4 34. b4 Kh3 35. c5 Kxh2 36. Kf2 1-0

[Event "Late-Titled-Tuesday-Blitz-April-16-2024"]
[Site "Chess.com"]
[Date "2024.04.16"]
[Round "5"]
[White "platy3"]
[Black "Tugrik1969"]
[Result "1-0"]
[WhiteElo "2880"]
[BlackElo "2504"]
[TimeControl "180+1"]
[EndTime "14:52:57 PDT"]
[Termination "platy3 won by resignation"]

1. d4 d5 2. Nf3 Nf6 3. c3 g6 4. Bg5 Bg7 5. Nbd2 Nbd7 6. e3 O-O 7. Bd3 Re8 8. O-O e5 9. dxe5 Nxe5 10. Nxe5 Rxe5 11.
Bf4 Re8 12. h3 c6 13. a4 a5 14. Qc2 Qb6 15. Rab1 Nd7 16. b4 Ne5 17. Bxe5 Bxe5 18.
b5 Qc5 19. c4 Be6 20. Nb3 Qa3 21. cxd5 cxd5 22. Nd4 Bxd4 23. exd4 Rec8 24. Qb3 Rc3 25.
Qxa3 Rxa3 26. Bc2 Rc8 27. Rb2 b6 28. Re1 Rac3 29. Re2 R8c4 30. Rd2 Rb4 31. Rxb4 axb4 32. Kh2 b3 33. Bd1 Rc4 34. Bxb3 Rb4 35. Rd3 Kf8 36.
g4 Ke7 37. Kg3 Kd6 38. Kf4 f6 39. Ke3 g5 40. Kd2 h5 41. f3 hxg4 42. hxg4 f5 43. Kc3 Rxb3+ 44. Kxb3 fxg4 45. fxg4 Bxg4 46. Rg3 Bd1+ 47. Kb4 g4 48. a5 bxa5+ 49. Kxa5 Kc7 50. b6+ Kb7 51. Kb5 Be2+ 52. Kc5 Bf3 53. Rg1 Kb8 54. Kc6 Kc8 55. b7+ 1-0

[Event "Late-Titled-Tuesday-Blitz-April-16-2024"]
[Site "Chess.com"]
[Date "2024.04.16"]
[Round "5"]
[White "h4parah5"]
[Black "Shankland"]
[Result "1-0"]
[WhiteElo "3041"]
[BlackElo "2885"]
[TimeControl "180+1"]
[EndTime "14:53:01 PDT"]
[Termination "h4parah5 won by resignation"]

1. Nf3 d5 2. e3 Nf6 3. c4 c6 4. Qc2 g6 5. b3 Bg7 6. Bb2 O-O 7. Be2 Bf5 8. d3 Na6 9. O-O Rc8 10. Rd1 Qb6 11.
Nbd2 Rfd8 12. a3 h6 13. h3 g5 14. Rab1 Bh7 15. b4 c5 16. b5 Nc7 17. a4 Ne6 18.
cxd5 Rxd5 19. Nc4 Qd8 20. Qb3 b6 21. a5 h5 22. axb6 axb6 23. Bxf6 Bxf6 24. Nxb6 c4 25. Nxc4 Nc5 26. Qa2 Ra8 27. Qc2 Nxd3 28. Nb6 Nf4 29. Nxd5 Bxc2 30. Nxf6+ Kg7 31. Rxd8 Nxe2+ 32. Kf1 Rxd8 33.
Nxh5+ Kh6 34. Rb2 Bd3 35. Ne5 Nc3+ 36. Ke1 Kxh5 37. Rd2 f6 38. Nxd3 Nxb5 39. Nf4+ 1-0

[Event "Late-Titled-Tuesday-Blitz-April-16-2024"]
[Site "Chess.com"]
[Date "2024.04.16"]
[Round "5"]
[White "Mikhal867"]
[Black "grzechu96"]
[Result "0-1"]
[WhiteElo "2549"]
[BlackElo "2771"]
[TimeControl "180+1"]
[EndTime "14:53:01 PDT"]
[Termination "grzechu96 won on time"]

1. c4 c6 2. g3 d5 3. Bg2 Nf6 4.
Nf3 Bg4 5. Ne5 Bf5 6. O-O Nbd7 7. d4 e6 8. Nxd7 Qxd7 9. Nc3 Be7 10. Re1 O-O 11. h3 Rad8 12. c5 h6 13. b4 Rfe8 14. f4 Ne4 15. Nxe4 Bxe4 16. Bb2 Bf6 17. Qd2 g6 18. Qe3 Bxg2 19. Kxg2 Bg7 20. Qd3 Kh7 21. a4 f6 22. b5 e5 23. e3 exf4 24. exf4 f5 25.
Re5 Bxe5 26. fxe5 Qe6 27. Rf1 Rb8 28. Bc1 b6 29. cxb6 Rxb6 30. Qe3 g5 31. Qd3 Rf8 32. g4 Kg6 33. h4 gxh4 34. Qe3 f4 35. Rxf4 Rxf4 36.
Qxf4 Kg7 37. Ba3 cxb5 38. Bf8+ Kh7 39. Bd6 bxa4 40. Kh3 a3 41. Bxa3 Rb3+ 42. Kxh4 Rxa3 0-1